 Dungeon Crawl Stone Soup version 0.26.0-45-g9c1d065592 (webtiles) character file.

Game seed: 12676841164353299921

91 kaeus the Sneak (level 4, -3/31 HPs)
             Began as an Octopode Monk on Jan 27, 2021.
             Slain by an orc wizard
             ... wielding a +0 dagger
              (4 damage)
             ... on level 3 of the Dungeon.
             The game lasted 00:01:43 (2615 turns).

kaeus the Sneak (Octopode Monk)                     Turns: 2615, Time: 00:01:43

Health: -3/31      AC:  1    Str: 10    XL:     4   Next: 57%
Magic:  13/13      EV: 15    Int: 12    God:
Gold:   119        SH:  0    Dex: 15    Spells: 3/3 levels left

rFire    . . .     SeeInvis .   e - +1 dagger (pain)
rCold    . . .     Faith    +   (no shield)
rNeg     . . .     Spirit   .   (helmet restricted)
rPois    .         Reflect  .   p - amulet of faith
rElec    .         Harm     .   d - ring of magical power
rCorr    .         Rampage  .   (no ring)
Will     .....                  (no ring)
Stlth    ++++......             (no ring)
HPRegen  0.10/turn              (no ring)
MPRegen  0.13/turn              (no ring)
                                (no ring)
                                (no ring)

@: no status effects
A: almost no armour, stealthy swim, amphibious, 8 rings, constrict 8, camouflage
1, gelatinous body 1
a: no special abilities


You were on level 3 of the Dungeon.
You visited 1 branch of the dungeon, and saw 3 of its levels.

You collected 119 gold pieces.

Inventory:

Hand Weapons
 e - a +1 dagger of pain (weapon)
Jewellery
 d - a ring of magical power (left tentacle)
 p - an amulet of faith (around mantle)
Scrolls
 c - a scroll of teleportation
 j - a scroll of fog
 k - a scroll of immolation {unknown}
 l - a scroll of identify
 n - a scroll of amnesia {unknown}
Potions
 b - a potion of resistance {unknown}
 h - a potion of attraction {unknown}
 i - a potion of experience {unknown}
 m - a potion of degeneration {unknown}
 o - a potion of cancellation {unknown}


   Skills:
 + Level 3.4 Fighting
 + Level 3.4 Short Blades
 * Level 3.8 Dodging
 * Level 4.4 Stealth


You had 3 spell levels left.
You didn't know any spells.
Your spell library contained the following spells:

 Spells                   Type           Power        Failure   Level
 Magic Dart               Conj           0%           32%         1
 Searing Ray              Conj           0%           45%         2
 Dazzling Flash           Conj/Hex       0%           69%         3
 Fulminant Prism          Conj/Hex       0%           97%         4
 Iskenderun's Mystic Bla  Conj/Tloc      0%           97%         4


Dungeon Overview and Level Annotations

Branches:
Dungeon (3/15)

Altars:


Innate Abilities, Weirdness & Mutations

You cannot wear most types of armour.
You are very stealthy in the water. (Stealth+)
You are amphibious.
You can wear up to eight rings at the same time.
You can use your tentacles to constrict eight enemies at once.
Your skin changes colour to match your surroundings (Stealth+).
Your rubbery body absorbs attacks. (AC +1, EV +1)


Message History

The orc priest mumbles some strange prayers to Beogh against you.
Pain shoots through your body!
* * * LOW HITPOINT WARNING * * *
You take 3 damage, and have 9/31 hp.
You hit the orc but do no damage. You grab the orc. You constrict the orc.
The orc barely misses you.
You hit the orc. You squeeze the orc.
You kill the orc!
You hear some strange, mumbled words.
A magic dart appears from out of thin air!
The magic dart hits you!
* * * LOW HITPOINT WARNING * * *
Things that are here:
a +0 flail; a +0 leather armour; an orc corpse You take 8 damage, and have 1/31 hp.
MASSIVE DAMAGE!!
You hit something. You hit the orc priest. You grab the orc priest.
The orc priest is lightly wounded.
You constrict the orc priest. Something hits you.
You die...

.......##.).......##.#..#.#.#
#####.####+####...##........#
......# #...##..#...#.#
####..# #...##..#...# ..##..#
#...##..#...# #.##. #.#...#
##'######...#.#.... #.#..##
#.# #...#...#.. #.#...# #.#
#.......... #.#.###
#@######.......... #.....#
#.oo.o....####.... ###.###
######...?.†.?...> (...#
................... #####
.######............
#######+#.... .... ...< ....


You could see an orc priest and 2 orcs.

Vanquished Creatures
  4 adders
  An adder zombie (D:3)
  3 worms
  2 dart slugs
  5 orcs (D:3)
  2 giant cockroaches
  2 goblins
  3 hobgoblins
  3 kobolds
  5 bats
  2 frilled lizards
  3 rats
35 creatures vanquished.

Notes
Turn   | Place    | Note
-------+----------+-------------------------------------------
     0 | D:1      | kaeus the Octopode Monk began the quest for the Orb.
     0 | D:1      | Reached XP level 1. HP: 16/16 MP: 1/1
   376 | D:1      | Reached skill level 3 in Stealth
   558 | D:1      | Reached XP level 2. HP: 7/21 MP: 2/2
  1076 | D:2      | Reached XP level 3. HP: 23/26 MP: 3/3
  1588 | D:2      | Reached skill level 4 in Stealth
  1927 | D:2      | Reached XP level 4. HP: 21/31 MP: 4/4
  2613 | D:3      | HP: 1/31 [something/magic dart (9)]
  2615 | D:3      | Slain by an orc wizard

Illustrated notes

Levels and vault maps discovered:
D:1:      shiori_arrival_elements, layout_loops_ring
D:2:      minmay_chambers_of_ones, layout_basic
D:3:      layout_basic, grunt_ministairs_3

Skill      XL: |  1  2  3 |
---------------+----------+-----
Stealth        | 3 4 |  4.4
Fighting       | |  3.4
Short Blades   | |  3.4
Dodging        | |  3.8

Action                   |  1- 3 |  4- 6 || total
-------------------------+-------+-------++-------
Melee: Short sword       |    39 |    26 ||    65
       Constrict         |     7 |    13 ||    20
       Tentacles         |     4 |     9 ||    13
       Dagger            |       |    11 ||    11
  Use: Scroll            |       |     6 ||     6
 Stab: Sleeping          |    11 |     2 ||    13
Armor: Skin              |     2 |     3 ||     5
Dodge: Dodged            |    19 |    33 ||    52
